 Dungeon Crawl Stone Soup version 0.29.1-1-gd02db6906a (webtiles) character file.

Game seed: 8238717043896282017

6732 wingedge the Basher (level 10, -3/83 HPs)
             Began as a Demigod Ice Elementalist on Oct 7, 2022.
             Slain by a cane toad (5 damage)
             ... on level 1 of the Lair of Beasts.
             The game lasted 00:41:29 (12716 turns).

wingedge the Basher (Demigod Ice Elementalist)     Turns: 12716, Time: 00:41:29

Health: -3/83      AC: 22    Str: 19    XL:     10   Next: 47%
Magic:  12/19      EV: 12    Int: 21    God:
Gold:   636        SH:  0    Dex: 18    Spells: 5/16 levels left

rFire   . . .      SeeInvis .   a - +6 flail (protect)
rCold   . . .      Faith    .   (no shield)
rNeg    . . .      Spirit   .   C - +3 ring mail
rPois   .          Reflect  .   o - +0 hat
rElec   .          Harm     .   N - +0 cloak
rCorr   +          Rampage  .   d - +0 pair of gloves
Will    +....                   (no boots)
Stlth   ++........              (no amulet)
HPRegen 0.23/turn               B - ring of resist corrosion
MPRegen 0.16/turn               Q - +6 ring of strength

@: ice-armoured, under a protective aura, very slightly contaminated
A: high MP 1, forlorn, divine attributes
a: no special abilities


You were on level 1 of the Lair of Beasts.
You visited 3 branches of the dungeon, and saw 12 of its levels.

You collected 636 gold pieces.

Inventory:

Hand Weapons
 a - a +6 flail of protection (weapon)
Missiles
 f - 6 javelins (quivered)
 k - 18 poisoned darts
 m - 5 silver javelins
 u - 6 boomerangs
 H - 3 atropa-tipped darts
Armour
 d - a +0 pair of gloves (worn)
 o - a +0 hat (worn)
 C - a +3 ring mail (worn)
 I - a +0 scale mail of cold resistance
 N - a +0 cloak (worn)
Jewellery
 B - a ring of resist corrosion (left hand)
 Q - a +6 ring of strength (right hand)
Wands
 A - a wand of charming (10)
 J - a wand of iceblast (8)
 K - a wand of digging (2)
 O - a wand of quicksilver (4)
Scrolls
 h - 8 scrolls of teleportation
 i - a scroll of vulnerability
 s - 4 scrolls of blinking
 t - 2 scrolls of amnesia
 v - a scroll of brand weapon
 w - a scroll of fear
 x - 2 scrolls of magic mapping
 y - 5 scrolls of poison
 D - a scroll of torment {unknown}
 L - 2 scrolls of immolation {unknown}
 M - 2 scrolls of noise {unknown}
 P - 2 scrolls of fog {unknown}
 R - a scroll of silence {unknown}
Potions
 b - 4 potions of magic
 c - 2 potions of ambrosia
 e - a potion of attraction
 g - 2 potions of berserk rage
 j - 4 potions of mutation
 l - a potion of might
 n - 2 potions of heal wounds {unknown}
 p - 2 potions of haste {unknown}
 q - 6 potions of curing
 r - 3 potions of flight
 z - 3 potions of brilliance
 E - a potion of cancellation {unknown}
 F - a potion of degeneration {unknown}
 G - a potion of lignification {unknown}


   Skills:
 - Level 6.0 Fighting
 - Level 9.0 Maces & Flails
 - Level 2.0 Throwing
 - Level 3.0 Armour
 - Level 3.0 Dodging
 - Level 2.0 Stealth
 + Level 3.8 Spellcasting
 - Level 6.0 Conjurations
 - Level 1.0 Transmutations
 - Level 7.0 Ice Magic


You had 5 spell levels left.
You knew the following spells:

 Your Spells              Type           Power      Damage    Failure   Level
a - Freeze                Ice            100%       1d11      1%          1
b - Ozocubu's Armour      Ice            33%        N/A       3%          3
c - Frozen Ramparts       Ice            66%        1d10      3%          3
d - Hailstorm             Conj/Ice       31%        3d8       14%         4

Your spell library contained the following spells:

 Spells                   Type           Power      Damage    Failure   Level
 Sting                    Tmut/Pois      24%        1d4       17%         1
 Necrotise                Necr           16%        1d4       21%         1
 Poisonous Vapours        Pois/Air       8%         N/A       30%         2
 Sublimation of Blood     Necr           4%         N/A       30%         2
 Gell's Gravitas          Tloc           4%         N/A       52%         3
 Lesser Beckoning         Tloc           4%         N/A       52%         3
 Summon Guardian Golem    Hex/Summ       4%         N/A       52%         3
 Teleport Other           Tloc           4%         N/A       52%         3
 Vampiric Draining        Necr           4%         2d6       52%         3
 Irradiate                Conj/Tmut      9%         3d14      80%         5
 Petrify                  Tmut/Erth      6%         N/A       86%         4
 Leda's Liquefaction      Hex/Erth       2%         N/A       90%         4
 Olgreb's Toxic Radiance  Pois           4%         N/A       90%         4
 Passage of Golubria      Tloc           4%         N/A       90%         4
 Agony                    Necr           4%         N/A       99%         5
 Lee's Rapid Deconstruct  Erth           2%         3d5*      99%         5
 Silence                  Hex/Air        2%         N/A       99%         5
 Statue Form              Tmut/Erth      4%         N/A       100%        6
 Orb of Destruction       Conj           14%        9d7       100%        7
 Ozocubu's Refrigeration  Ice            16%        4d11      100%        7
 Spellforged Servitor     Conj/Summ      8%         N/A       100%        7
 Lehudib's Crystal Spear  Conj/Erth      8%         10d3      100%        8


Dungeon Overview and Level Annotations

Branches:
Dungeon (10/15)            Temple (1/1) D:6            Lair (1/5) D:9
    Orc (0/2) D:10

Shops:
D:1 *(   D:7 (


Innate Abilities, Weirdness & Mutations

You have an increased reservoir of magic. (+10% MP)
You shall have no god before yourself.
Your divine heritage dramatically boosts your attributes as you level up.


Message History

A cane toad is nearby!
A water moccasin comes into view.
A cane toad comes into view.
You completely miss the cane toad.
The cane toad gives a loud, deep croak!
The cane toad stings you!
You hit the cane toad but do no damage.
Your weapon exudes an aura of protection.
The cane toad stings you!
You are poisoned.
The cane toad poisons you!
Casting: Ozocubu's Armour (mildly dangerous; 3% risk of failure)
Confirm with . or Enter, or press ? or * to list all spells.
Casting: Hailstorm (dangerous; 14% risk of failure)
Press: ? - help, Dir - look around, f - activate You miscast Hailstorm.
You are very lightly contaminated with residual magic.
A wave of violent energy washes through your body!
You feel very sick. The cane toad stings you!
You feel better.
The water moccasin bites you but does no damage.
The cane toad barely misses you.
The cane toad stings you but does no damage.
Casting: Hailstorm (dangerous; 14% risk of failure)
Confirm with . or Enter, or press ? or * to list all spells.
A film of ice covers your body! The water moccasin closely misses you.
The cane toad stings you! The water moccasin closely misses you.
The cane toad closely misses you.
You hit the cane toad.
Your weapon exudes an aura of protection.
The cane toad is lightly wounded.
The cane toad stings you!
* * * LOW HITPOINT WARNING * * *
The water moccasin bites you.
* * * LOW HITPOINT WARNING * * *
The cane toad stings you!!
* * * LOW HITPOINT WARNING * * *
The cane toad stings you.
You die...

...≈≈§#...............
...##.#........#..###.
#......^......##.##..
.###.............##.###.
....##....##...#.#..###.
...............###......
........................
........................
...#.F@.####.......##.#
......S.FP# ##..#<..##.#
...#.......# #.##...##..
.. #.......# #..#...##..
........... ..........
..P.......#.# .........
##.#.......#.#.P#..#P.#.
......#..## #........#.
..........


You could see 2 cane toads and a water moccasin.

Vanquished Creatures
  Pikel (D:8)
  9 yaks
  5 wyverns
  2 steam dragons
  Edmund (D:4)
  4 water moccasins
  4 orc warriors (D:10)
  4 ogres
  2 phantoms
  2 kobold brigands
  4 bullfrogs
  A scorpion (D:9)
  3 wights (D:8)
  12 killer bees
  A howler monkey (D:8)
  3 hounds
  4 jellies
  12 orc priests
  3 iguanas
  15 orc wizards
  Natasha (thrice) (D:2)
  7 gnolls
  12 adders
  2 ufetubi (D:4)
  A worm (D:3)
  A dart slug (D:1)
  37 orcs
  6 bats
  21 endoplasms
  5 giant cockroaches
  7 goblins
  8 hobgoblins
  6 jackals
  24 kobolds
  3 quokkas
  6 ball pythons
  2 frilled lizards
  7 rats
  A spectral hobgoblin (D:1)
251 creatures vanquished.

Vanquished Creatures (others)
  12 fungi
  14 plants (D:9)
  9 toadstools (D:3)
35 creatures vanquished.

Grand Total: 286 creatures vanquished

Notes
Turn   | Place    | Note
-------+----------+-------------------------------------------
     0 | D:1      | wingedge the Demigod Ice Elementalist began the quest for
                  | the Orb.
     0 | D:1      | Reached XP level 1. HP: 14/14 MP: 5/5
    85 | D:1      | Reached skill level 1 in Fighting
   180 | D:1      | Found Omofaull's Weapon Emporium.
   237 | D:1      | Reached XP level 2. HP: 23/23 MP: 5/7
   929 | D:1      | Reached XP level 3. HP: 27/28 MP: 5/8
   984 | D:1      | Learned a level 3 spell: Ozocubu's Armour
  1044 | D:1      | Found Koar's Assorted Antiques.
  1676 | D:2      | Reached XP level 4. HP: 36/36 MP: 5/9
  2017 | D:2      | Noticed Natasha
  2024 | D:2      | Killed Natasha
  2025 | D:2      | Reached skill level 5 in Ice Magic
  2110 | D:2      | Noticed Natasha
  2117 | D:2      | Killed Natasha
  2118 | D:2      | Reached XP level 5. HP: 25/41 MP: 2/10
  2349 | D:2      | Noticed Natasha
  2357 | D:2      | Killed Natasha
  2533 | D:2      | Learned a level 3 spell: Frozen Ramparts
  2691 | D:3      | Reached XP level 6. HP: 48/50 MP: 3/11
  2814 | D:3      | Found a large runed translucent door.
  2815 | D:3      | Found a large runed translucent door.
  3990 | D:4      | Noticed Edmund
  4327 | D:4      | Reached skill level 1 in Armour
  4580 | D:4      | Reached XP level 7. HP: 59/59 MP: 5/13
  5157 | D:4      | Killed Edmund
  5158 | D:4      | Reached skill level 1 in Conjurations
  5424 | D:5      | Entered Level 5 of the Dungeon
  5816 | D:5      | Reached skill level 1 in Maces & Flails
  6223 | D:6      | Noticed a steam dragon
  6231 | D:6      | Killed a steam dragon
  6232 | D:6      | Reached skill level 1 in Throwing
  6560 | D:6      | Reached skill level 2 in Maces & Flails
  6574 | D:6      | Reached XP level 8. HP: 45/66 MP: 6/14
  6625 | D:6      | Reached skill level 3 in Maces & Flails
  6915 | D:6      | Reached skill level 4 in Maces & Flails
  6947 | D:6      | Learned a level 4 spell: Hailstorm
  6948 | D:6      | Found a staircase to the Ecumenical Temple.
  6952 | Temple   | Entered the Ecumenical Temple
  7506 | D:7      | Reached skill level 5 in Maces & Flails
  7784 | D:7      | Reached skill level 5 in Fighting
  8633 | D:7      | Found Gicwa's Antique Weapon Shoppe.
  8909 | D:8      | Reached skill level 6 in Maces & Flails
  9009 | D:8      | Noticed Pikel
  9021 | D:8      | Killed Pikel
  9022 | D:8      | Reached XP level 9. HP: 64/74 MP: 9/15
  9028 | D:8      | Reached skill level 7 in Maces & Flails
 10251 | D:9      | Reached skill level 8 in Maces & Flails
 10301 | D:9      | Reached skill level 9 in Maces & Flails
 10487 | D:9      | Found a staircase to the Lair.
 10562 | D:9      | Reached XP level 10. HP: 70/83 MP: 12/16
 11352 | D:10     | Entered Level 10 of the Dungeon
 11403 | D:10     | Reached skill level 5 in Conjurations
 11790 | D:10     | Reached skill level 1 in Transmutations
 12217 | D:10     | Found a staircase to the Orcish Mines.
 12628 | Lair:1   | Entered Level 1 of the Lair of Beasts
 12716 | Lair:1   | HP: 2/83 [cane toad (18)]
 12716 | Lair:1   | Slain by a cane toad

Illustrated notes

Levels and vault maps discovered:
D:1:      elethiomel_arrival_quiet, layout_loops_ring, serial_shops,
          nicolae_shop_behind_doors, nicolae_shop_bloodbath_and_beyond,
          dreamdust_ecumenical_altar_drowned_temple
D:2:      layout_rooms, minmay_surrounded, uniq_natasha
D:3:      cheibrodos_fertilizer, layout_loops_ring, jmf_multi_god_temple2
D:4:      layout_rooms, minmay_crossroads, uniq_edmund
D:5:      layout_basic, mainiacjoe_overflow_alcove_2
D:6:      layout_loops_ring, nicolae_gozag_cash_rules_everything_around_me,
          nemelex_spade_bored_becter, minmay_temple_entry_proselytizer
D:7:      layout_basic, serial_shops, nicolae_shop_behind_doors,
          nicolae_kite_square_tiling_tiny, mrwooster_statue_mirror,
          chequers_serial_rivers_room_a, minivault_1
D:8:      layout_basic, uniq_pikel
D:9:      layout_loops_corners, minmay_lair_entry_grove, minmay_misc_feat_iff
D:10:     layout_rooms, david_orc_4, kennysheep_path_1
Temple:   sentei_temple_godly_chess
Lair:1:   layout_gridlike, basic_altar, grunt_megastairs_1, uniq_nergalle

Skill      XL: |  1  2  3  4  5  6  7  8  9 10 |
---------------+-------------------------------+-----
Fighting       | 1 2 4 5 6 |  6.0
Spellcasting   | 2 3 |  3.8
Ice Magic      | 4 5 6 7 |  7.0
Dodging        | 2 3 |  3.0
Stealth        | 2 |  2.0
Armour         | 1 2 3 |  3.0
Conjurations   | 2 3 6 |  6.0
Maces & Flails | 2 6 9 |  9.0
Throwing       | 2 |  2.0
Transmutations | 1 |  1.0

Action                   |  1- 3 |  4- 6 |  7- 9 | 10-12 || total
-------------------------+-------+-------+-------+-------++-------
Melee: Spear             |    39 |    27 |       |       ||    66
       Short sword       |       |    97 |    41 |       ||   138
       Flail             |       |       |   178 |    99 ||   277
       Punch             |       |       |     3 |     1 ||     4
Throw: Dart              |       |     3 |       |       ||     3
       Javelin           |       |     1 |    23 |     1 ||    25
 Cast: Freeze            |    51 |    43 |     5 |       ||    99
       Ozocubu's Armour  |       |    10 |    27 |     9 ||    46
       Frozen Ramparts   |       |    13 |    27 |    13 ||    53
       Hailstorm         |       |       |       |     5 ||     5
  Use: Potion            |       |     1 |       |     2 ||     3
       Scroll            |       |       |    13 |     1 ||    14
 Stab: Sleeping          |     2 |     1 |     2 |       ||     5
       Distracted        |       |     1 |     1 |       ||     2
Armor: Robe              |     3 |       |       |       ||     3
       Ring mail         |    26 |    49 |   121 |    43 ||   239
Dodge: Dodged            |    16 |    75 |   129 |    58 ||   278
